[Event "Live Chess"]
[Site "Chess.com"]
[Date "2010.12.04"]
[Round "-"]
[White "hipposcottimus"]
[Black "kaiserIV"]
[Result "0-1"]
[CurrentPosition "3r4/p3q1k1/6p1/2p5/3np3/6P1/P3R3/4R1K1 w - -"]
[Timezone "UTC"]
[ECO "B21"]
[ECOUrl "https://www.chess.com/openings/Sicilian-Defense-Smith-Morra-Gambit"]
[UTCDate "2010.12.04"]
[UTCTime "23:44:04"]
[WhiteElo "1567"]
[BlackElo "1605"]
[TimeControl "60"]
[Termination "kaiserIV won on time"]
[StartTime "23:44:04"]
[EndDate "2010.12.04"]
[EndTime "23:46:25"]
[Link "https://www.chess.com/game/live/74113580"]

1. e4 c5 2. d4 Nc6 3. dxc5 Qa5+ 4. Bd2 Qxc5 5. Nc3 e5 6. Nf3 Be7 7. Be3 Qb4 8. Bb5 d6 9. Bxc6+ bxc6 10. Bd2 Qxb2 11. O-O Nf6 12. Na4 Qa3 13. c3 Bd7 14. Re1 O-O 15. Be3 c5 16. Bc1 Qxa4 17. Qd2 Qc6 18. Ng5 Ng4 19. h3 Bxg5 20. Qxg5 Nf6 21. Qf5 Bxf5 22. exf5 Ne4 23. h4 Nxc3 24. Re3 Nd5 25. Rg3 Rab8 26. Bh6 g6 27. Bxf8 Kxf8 28. fxg6 fxg6 29. h5 Kg7 30. Kh2 Nf6 31. hxg6 hxg6 32. Rf1 Nh5 33. Re3 Qd7 34. g3 Nf4 35. Kg1 Nh3+ 36. Kg2 Ng5 37. Kg1 Ne6 38. Re2 Qe7 39. Rd2 Rd8 40. Re2 d5 41. Rfe1 e4 42. f3 Nd4 43. fxe4 dxe4 0-1

[Event "Live Chess"]
[Site "Chess.com"]
[Date "2010.12.04"]
[Round "-"]
[White "kaiserIV"]
[Black "hipposcottimus"]
[Result "1-0"]
[CurrentPosition "2k2r2/ppp1q1np/1n2p1p1/1N2P3/2P2B2/1P1Q2P1/P6P/3R2K1 b - -"]
[Timezone "UTC"]
[ECO "C31"]
[ECOUrl "https://www.chess.com/openings/Kings-Gambit-Declined-Falkbeer-Blackburne-Attack"]
[UTCDate "2010.12.04"]
[UTCTime "23:41:33"]
[WhiteElo "1596"]
[BlackElo "1574"]
[TimeControl "60"]
[Termination "kaiserIV won on time"]
[StartTime "23:41:33"]
[EndDate "2010.12.04"]
[EndTime "23:43:33"]
[Link "https://www.chess.com/game/live/74112986"]

1. e4 e5 2. f4 d5 3. Nf3 dxe4 4. Nxe5 Nf6 5. Bc4 Be6 6. Bxe6 fxe6 7. Qe2 Bd6 8. O-O Bxe5 9. fxe5 Nfd7 10. Qxe4 Nc6 11. d4 Qe7 12. c4 O-O-O 13. Nc3 Nb6 14. b3 Nxd4 15. Rd1 Nf5 16. Rxd8+ Kxd8 17. Bf4 Kc8 18. Rd1 g6 19. g3 Rf8 20. Nb5 Ng7 21. Qd3 1-0

[Event "Live Chess"]
[Site "Chess.com"]
[Date "2010.12.04"]
[Round "-"]
[White "sekihmentis"]
[Black "hipposcottimus"]
[Result "1-0"]
[CurrentPosition "2r3k1/6Qp/2P5/3P1p2/P7/6Pq/1B1R4/2K2R2 b - -"]
[Timezone "UTC"]
[ECO "A00"]
[ECOUrl "https://www.chess.com/openings/Van-Geet-Opening-1...d5"]
[UTCDate "2010.12.04"]
[UTCTime "23:34:28"]
[WhiteElo "1333"]
[BlackElo "1590"]
[TimeControl "60"]
[Termination "sekihmentis won by checkmate"]
[StartTime "23:34:28"]
[EndDate "2010.12.04"]
[EndTime "23:36:27"]
[Link "https://www.chess.com/game/live/74111323"]

1. Nc3 d5 2. a3 d4 3. Nb1 e5 4. Nf3 e4 5. Ng1 Nc6 6. e3 f5 7. exd4 Nxd4 8. d3 Nf6 9. c3 Ne6 10. b4 Bd6 11. h3 Bf4 12. Bb2 O-O 13. g3 Bh6 14. f3 exf3 15. Nxf3 Nd5 16. c4 Ne3 17. Qe2 Nxf1 18. Rxf1 b6 19. Nbd2 Bb7 20. O-O-O Nd4 21. Nxd4 Bxd2+ 22. Qxd2 b5 23. cxb5 a5 24. bxa5 Rxa5 25. Qxa5 Qd7 26. Qc3 c6 27. Nxc6 Bxc6 28. bxc6 Qc7 29. a4 Rc8 30. d4 Qd6 31. d5 Qh6+ 32. Rd2 Qxh3 33. Qxg7# 1-0

[Event "Live Chess"]
[Site "Chess.com"]
[Date "2010.12.04"]
[Round "-"]
[White "hipposcottimus"]
[Black "sekihmentis"]
[Result "0-1"]
[CurrentPosition "1r5r/2p2kb1/2N2p2/p1B5/2P5/1P4p1/P3Q1P1/R3R1Kq w - -"]
[Timezone "UTC"]
[ECO "A06"]
[ECOUrl "https://www.chess.com/openings/Reti-Opening-Tennison-Gambit"]
[UTCDate "2010.12.04"]
[UTCTime "23:32:33"]
[WhiteElo "1602"]
[BlackElo "1319"]
[TimeControl "60"]
[Termination "sekihmentis won by checkmate"]
[StartTime "23:32:33"]
[EndDate "2010.12.04"]
[EndTime "23:34:09"]
[Link "https://www.chess.com/game/live/74110875"]

1. e4 d5 2. Nf3 dxe4 3. Ng5 h6 4. Nxe4 Nf6 5. d3 g5 6. Nxf6+ exf6 7. Be2 Bg7 8. O-O a6 9. Re1 Nc6 10. c4 b5 11. Bg4+ Kf8 12. Bxc8 Qxc8 13. Qe2 Rb8 14. f4 bxc4 15. fxg5 hxg5 16. dxc4 a5 17. Nc3 f5 18. b3 g4 19. Bg5 f6 20. Bf4 g3 21. Be3 f4 22. Bc5+ Kf7 23. hxg3 fxg3 24. Nd5 Qf5 25. Ne7 Qh7 26. Nxc6 Qh1# 0-1

[Event "Live Chess"]
[Site "Chess.com"]
[Date "2010.12.04"]
[Round "-"]
[White "cira011"]
[Black "hipposcottimus"]
[Result "0-1"]
[CurrentPosition "5k2/pp4pp/3p4/8/8/1N2N1PR/r6P/6K1 w - -"]
[Timezone "UTC"]
[ECO "B00"]
[ECOUrl "https://www.chess.com/openings/Nimzowitsch-Defense-Kennedy-Variation"]
[UTCDate "2010.12.04"]
[UTCTime "23:30:13"]
[WhiteElo "1771"]
[BlackElo "1615"]
[TimeControl "60"]
[Termination "hipposcottimus won on time"]
[StartTime "23:30:13"]
[EndDate "2010.12.04"]
[EndTime "23:32:12"]
[Link "https://www.chess.com/game/live/74110313"]

1. e4 e5 2. d4 Nc6 3. d5 Nce7 4. Nf3 d6 5. c4 c6 6. Be2 cxd5 7. cxd5 Ng6 8. Bb5+ Bd7 9. Bxd7+ Qxd7 10. O-O Be7 11. Bg5 f5 12. Bxe7 N8xe7 13. exf5 Qxf5 14. Nbd2 O-O 15. Re1 Qg4 16. g3 Nf4 17. Re4 Nh3+ 18. Kg2 Qh5 19. Rh4 Qf5 20. Rxh3 e4 21. Nh4 Qxf2+ 22. Kh1 e3 23. Nb3 e2 24. Qg1 e1=Q 25. Qxe1 Nxd5 26. Qxf2 Rxf2 27. Kg1 Raf8 28. Ng2 Rxb2 29. Rf1 Ne3 30. Rxf8+ Kxf8 31. Nxe3 Rxa2 0-1

[Event "Live Chess"]
[Site "Chess.com"]
[Date "2010.12.04"]
[Round "-"]
[White "hipposcottimus"]
[Black "fonkyzeit"]
[Result "0-1"]
[CurrentPosition "6Q1/4r3/R6K/2p1k3/3b4/1P6/P7/8 w - -"]
[Timezone "UTC"]
[ECO "C00"]
[ECOUrl "https://www.chess.com/openings/French-Defense-Knight-Variation"]
[UTCDate "2010.12.04"]
[UTCTime "23:22:21"]
[WhiteElo "1615"]
[BlackElo "1581"]
[TimeControl "120"]
[Termination "fonkyzeit won on time"]
[StartTime "23:22:21"]
[EndDate "2010.12.04"]
[EndTime "23:26:44"]
[Link "https://www.chess.com/game/live/74108418"]

1. e4 e6 2. Nf3 d6 3. e5 Be7 4. exd6 Bxd6 5. d4 b6 6. Nc3 Bb7 7. Bb5+ Nd7 8. O-O c6 9. Bg5 Be7 10. Bxc6 Bxc6 11. Bf4 Ngf6 12. Re1 O-O 13. Be5 Nd5 14. Ne4 Nxe5 15. dxe5 Nf4 16. Neg5 Qxd1 17. Raxd1 Bxf3 18. Nxf3 Rad8 19. Nd4 Nd5 20. c3 Rc8 21. Rf1 f6 22. f4 fxe5 23. fxe5 Rxf1+ 24. Kxf1 Nf4 25. Kg1 Rf8 26. g3 Nh5 27. Rd3 Bg5 28. Nxe6 Rf5 29. g4 Rxe5 30. gxh5 Rxe6 31. Rg3 Re1+ 32. Kf2 Bf4 33. Rf3 Re4 34. Rd3 Re8 35. Kf3 Bh6 36. Rd4 g6 37. Ra4 a5 38. c4 g5 39. c5 bxc5 40. Rxa5 Rc8 41. b3 Kg7 42. Kg4 Kf6 43. Ra6+ Kg7 44. Ra4 Kg8 45. h4 Bg7 46. hxg5 Bd4 47. g6 hxg6 48. hxg6 Rc6 49. Kh5 Kg7 50. Ra7+ Kg8 51. Kh6 Rc8 52. g7 Re8 53. Ra5 Re7 54. Ra8+ Kf7 55. g8=Q+ Kf6 56. Ra6+ Ke5 0-1

[Event "Live Chess"]
[Site "Chess.com"]
[Date "2010.12.04"]
[Round "-"]
[White "place"]
[Black "hipposcottimus"]
[Result "1-0"]
[CurrentPosition "4r2k/pp3Q1p/2p5/4Np2/3Pp3/1PP3P1/P5RP/6K1 w - -"]
[Timezone "UTC"]
[ECO "A00"]
[ECOUrl "https://www.chess.com/openings/Kings-Fianchetto-Opening-1...e5-2.Bg2-d5"]
[UTCDate "2010.12.04"]
[UTCTime "23:19:56"]
[WhiteElo "1729"]
[BlackElo "1624"]
[TimeControl "60"]
[Termination "place won by resignation"]
[StartTime "23:19:56"]
[EndDate "2010.12.04"]
[EndTime "23:21:58"]
[Link "https://www.chess.com/game/live/74107849"]

1. g3 e5 2. Bg2 d5 3. b3 c6 4. Bb2 e4 5. e3 Qe7 6. Ne2 Nf6 7. Bxf6 Qxf6 8. c3 Nd7 9. O-O Be7 10. Nd4 Bd6 11. Ne2 Be5 12. d4 exd3 13. Qxd3 Nc5 14. Qd2 O-O 15. Na3 Bf5 16. Rad1 Ne4 17. Qc1 Qe6 18. f4 Nf6 19. Nd4 Bxd4 20. exd4 Bh3 21. Rde1 Qg4 22. Rf2 Bxg2 23. Rxg2 Ne4 24. Rxe4 dxe4 25. Qe1 Rae8 26. Re2 f5 27. Nc4 Qh3 28. Ne5 Qh6 29. Rg2 g5 30. Qe3 gxf4 31. Qxf4 Kh8 32. Qxh6 Rf6 33. Qxf6+ Kg8 34. Qf7+ Kh8 1-0

[Event "Live Chess"]
[Site "Chess.com"]
[Date "2010.12.04"]
[Round "-"]
[White "hipposcottimus"]
[Black "CryingWolf"]
[Result "1-0"]
[CurrentPosition "2k5/p1p5/Pp6/1P6/3b1q2/7p/5P2/6RK b - -"]
[Timezone "UTC"]
[ECO "C57"]
[ECOUrl "https://www.chess.com/openings/Italian-Game-Fried-Liver-Attack"]
[UTCDate "2010.12.04"]
[UTCTime "23:17:09"]
[WhiteElo "1630"]
[BlackElo "1518"]
[TimeControl "60"]
[Termination "hipposcottimus won on time"]
[StartTime "23:17:09"]
[EndDate "2010.12.04"]
[EndTime "23:19:21"]
[Link "https://www.chess.com/game/live/74107240"]

1. e4 e5 2. Nf3 Nc6 3. Bc4 Nf6 4. Ng5 d5 5. exd5 Nxd5 6. Nxf7 Qe7 7. Bxd5 Be6 8. Nxh8 Bxd5 9. O-O O-O-O 10. d3 Kb8 11. c4 Be6 12. Nc3 g5 13. b4 Bg7 14. b5 Nd4 15. Nd5 Bxd5 16. cxd5 Bxh8 17. Re1 Bf6 18. Be3 Rxd5 19. Bxd4 Rxd4 20. Rb1 Qd6 21. a4 e4 22. a5 Rxd3 23. Qg4 b6 24. Qxe4 Rd4 25. Qe8+ Kb7 26. Qd7 Qxd7 27. a6+ Kc8 28. Re2 Rd1+ 29. Re1 Rxe1+ 30. Rxe1 Qd2 31. Rf1 Bd4 32. g3 Qe2 33. Kg2 Qe4+ 34. Kg1 Qf3 35. h3 h5 36. h4 gxh4 37. gxh4 Qg4+ 38. Kh2 Qxh4+ 39. Kg1 Qg4+ 40. Kh2 h4 41. Rh1 h3 42. Rg1 Qf4+ 43. Kh1 1-0

[Event "Live Chess"]
[Site "Chess.com"]
[Date "2010.12.04"]
[Round "-"]
[White "PaulOxley"]
[Black "hipposcottimus"]
[Result "1-0"]
[CurrentPosition "8/8/8/1P3q1k/P7/1KP5/6p1/8 b - -"]
[Timezone "UTC"]
[ECO "C31"]
[ECOUrl "https://www.chess.com/openings/Kings-Gambit-Declined-Falkbeer-Blackburne-Attack"]
[UTCDate "2010.12.04"]
[UTCTime "23:14:14"]
[WhiteElo "1479"]
[BlackElo "1624"]
[TimeControl "60"]
[Termination "PaulOxley won on time"]
[StartTime "23:14:14"]
[EndDate "2010.12.04"]
[EndTime "23:16:33"]
[Link "https://www.chess.com/game/live/74106568"]

1. e4 e5 2. f4 d5 3. Nf3 dxe4 4. Nxe5 Qh4+ 5. g3 Qe7 6. d3 Nf6 7. dxe4 Bg4 8. Be2 Qb4+ 9. Bd2 Bxe2 10. Qxe2 Qxe4 11. Qxe4 Nxe4 12. Nc3 f6 13. Nxe4 fxe5 14. O-O-O Bd6 15. fxe5 Bxe5 16. Rhe1 O-O 17. Ng5 Bf6 18. Ne4 Nc6 19. Nxf6+ Rxf6 20. Bc3 Raf8 21. Bxf6 Rxf6 22. Re8+ Kf7 23. Rc8 Ne5 24. Rxc7+ Kg6 25. Rxb7 Nf3 26. Rxa7 Nxh2 27. Ra5 Nf1 28. Rxf1 Rxf1+ 29. Kd2 Rg1 30. Kc3 Rxg3+ 31. Kd2 Rg2+ 32. Kc3 Rg3+ 33. Kd2 Rg2+ 34. Kc1 h5 35. b3 h4 36. Kb2 h3 37. Ra6+ Kh5 38. Ra5+ g5 39. Ra4 h2 40. a3 h1=Q 41. Kc3 Qh3+ 42. Kb4 Rg4+ 43. Ka5 Rxa4+ 44. Kxa4 Qg4+ 45. b4 Qf5 46. Kb3 g4 47. a4 g3 48. b5 g2 49. c3 1-0

[Event "Live Chess"]
[Site "Chess.com"]
[Date "2010.12.04"]
[Round "-"]
[White "hipposcottimus"]
[Black "MyChessSatan"]
[Result "0-1"]
[CurrentPosition "r7/pp2r2k/2p1bp2/2Pnp3/1P3P2/8/P5PP/R4K2 w - -"]
[Timezone "UTC"]
[ECO "C00"]
[ECOUrl "https://www.chess.com/openings/French-Defense-Knight-Variation"]
[UTCDate "2010.12.04"]
[UTCTime "01:29:20"]
[WhiteElo "1635"]
[BlackElo "1923"]
[TimeControl "60"]
[Termination "MyChessSatan won by resignation"]
[StartTime "01:29:20"]
[EndDate "2010.12.04"]
[EndTime "01:30:32"]
[Link "https://www.chess.com/game/live/73817349"]

1. e4 e6 2. Nf3 d6 3. d4 c6 4. c4 Nf6 5. Nc3 Be7 6. e5 dxe5 7. dxe5 Qxd1+ 8. Nxd1 Nfd7 9. Bd3 O-O 10. Kf1 Re8 11. Ke2 Nf8 12. Re1 Nbd7 13. Kf1 g6 14. Bc2 Nc5 15. Bh6 Nfd7 16. b4 Na6 17. Ng5 Nc7 18. c5 Bf8 19. Re3 Bxh6 20. Rg3 Bxg5 21. Rxg5 f6 22. Rg3 Nxe5 23. Ne3 Re7 24. Ng4 Nxg4 25. Rxg4 e5 26. Bxg6 Bxg4 27. Bxh7+ Kxh7 28. f3 Be6 29. f4 Nd5 0-1

[Event "Live Chess"]
[Site "Chess.com"]
[Date "2010.12.04"]
[Round "-"]
[White "MyChessSatan"]
[Black "hipposcottimus"]
[Result "1-0"]
[CurrentPosition "3R1k2/2Q5/8/8/2N5/6Pp/1P5K/5N2 b - -"]
[Timezone "UTC"]
[ECO "A00"]
[ECOUrl "https://www.chess.com/openings/Mieses-Opening-1...d5"]
[UTCDate "2010.12.04"]
[UTCTime "01:27:06"]
[WhiteElo "1923"]
[BlackElo "1635"]
[TimeControl "60"]
[Termination "MyChessSatan won by checkmate"]
[StartTime "01:27:06"]
[EndDate "2010.12.04"]
[EndTime "01:29:10"]
[Link "https://www.chess.com/game/live/73816824"]

1. d3 d5 2. c3 e5 3. Nd2 c6 4. g3 Nd7 5. Bg2 Nc5 6. Ngf3 Be6 7. Nxe5 f6 8. Nef3 Ne7 9. O-O Ng6 10. Re1 Bd6 11. Nf1 O-O 12. Ne3 Qd7 13. Nf1 Bh3 14. Bxh3 Qxh3 15. Nd4 f5 16. f4 Qg4 17. e3 Nh4 18. Qxg4 fxg4 19. gxh4 g3 20. hxg3 Rae8 21. Kg2 Nxd3 22. Re2 Nxf4+ 23. exf4 Rxe2+ 24. Nxe2 Bxf4 25. Bxf4 Rxf4 26. Nxf4 d4 27. cxd4 c5 28. dxc5 b6 29. cxb6 axb6 30. Re1 g5 31. Nd5 Kf7 32. Nxb6 h6 33. Nc4 Kg6 34. a4 Kf5 35. hxg5 Kxg5 36. Nfe3 Kg6 37. a5 h5 38. a6 h4 39. a7 h3+ 40. Kh2 Kg5 41. a8=Q Kh5 42. Qa5+ Kg6 43. Nf1 Kf7 44. Rd1 Kf6 45. Rd6+ Ke7 46. Qc7+ Kf8 47. Rd8# 1-0

[Event "Live Chess"]
[Site "Chess.com"]
[Date "2010.12.04"]
[Round "-"]
[White "hipposcottimus"]
[Black "camby18"]
[Result "1-0"]
[CurrentPosition "7r/5p2/3b3k/3p2p1/3p3P/3P2R1/5P2/5K2 b - -"]
[Timezone "UTC"]
[ECO "C50"]
[ECOUrl "https://www.chess.com/openings/Italian-Game-Blackburne-Shilling-Gambit"]
[UTCDate "2010.12.04"]
[UTCTime "01:24:16"]
[WhiteElo "1635"]
[BlackElo "1704"]
[TimeControl "60"]
[Termination "hipposcottimus won on time"]
[StartTime "01:24:16"]
[EndDate "2010.12.04"]
[EndTime "01:26:31"]
[Link "https://www.chess.com/game/live/73816236"]

1. e4 e5 2. Nf3 Nc6 3. Bc4 Nd4 4. Nxd4 exd4 5. d3 d6 6. c3 c5 7. cxd4 cxd4 8. Nd2 Nf6 9. Nf3 Qb6 10. O-O Bg4 11. Bg5 Be7 12. Bh4 O-O 13. Bg3 Bxf3 14. Qxf3 Qxb2 15. Rab1 Qa3 16. Rxb7 Rfe8 17. Bb3 Rab8 18. Rc7 Rbc8 19. Rb7 Rb8 20. Rc7 Rxb3 21. axb3 Qxb3 22. Rxa7 d5 23. e5 Bc5 24. exf6 Bxa7 25. fxg7 Kxg7 26. Qg4+ Kf8 27. Be5 Qb6 28. Qg7+ Ke7 29. Qf6+ Qxf6 30. Bxf6+ Kxf6 31. g4 Bc5 32. h4 Bd6 33. g5+ Kg7 34. Kg2 h6 35. Rh1 hxg5 36. Rh3 Rh8 37. Rg3 Kh6 38. Kf1 1-0

[Event "Live Chess"]
[Site "Chess.com"]
[Date "2010.12.04"]
[Round "-"]
[White "PaperTiger"]
[Black "hipposcottimus"]
[Result "0-1"]
[CurrentPosition "r4r1k/ppp3pp/1n1b4/5p2/b2P1N1q/P1P1B3/QP4PP/RN2R1K1 w - -"]
[Timezone "UTC"]
[ECO "C23"]
[ECOUrl "https://www.chess.com/openings/Bishops-Opening-2...Nc6"]
[UTCDate "2010.12.04"]
[UTCTime "01:21:36"]
[WhiteElo "1620"]
[BlackElo "1635"]
[TimeControl "60"]
[Termination "hipposcottimus won on time"]
[StartTime "01:21:36"]
[EndDate "2010.12.04"]
[EndTime "01:23:31"]
[Link "https://www.chess.com/game/live/73815673"]

1. e4 e5 2. Bc4 Nc6 3. c3 Nf6 4. d3 d5 5. exd5 Nxd5 6. Ne2 f5 7. f4 Nb6 8. Bb3 Bd6 9. fxe5 Nxe5 10. O-O Bd7 11. d4 Nec4 12. Re1 O-O 13. a3 Kh8 14. Nf4 Na5 15. Be3 Nxb3 16. Qxb3 Ba4 17. Qa2 Qh4 0-1

[Event "Live Chess"]
[Site "Chess.com"]
[Date "2010.12.04"]
[Round "-"]
[White "hipposcottimus"]
[Black "trini_hammy"]
[Result "1-0"]
[CurrentPosition "2r2rk1/1p2bp2/2qp2PB/p1n4n/6Q1/1BN5/PPP3PP/R4R1K b - -"]
[Timezone "UTC"]
[ECO "B50"]
[ECOUrl "https://www.chess.com/openings/Sicilian-Defense-2.Nf3-d6-3.Bc4-Nc6"]
[UTCDate "2010.12.04"]
[UTCTime "01:18:53"]
[WhiteElo "1627"]
[BlackElo "1646"]
[TimeControl "60"]
[Termination "hipposcottimus won by resignation"]
[StartTime "01:18:53"]
[EndDate "2010.12.04"]
[EndTime "01:20:24"]
[Link "https://www.chess.com/game/live/73815082"]

1. e4 c5 2. Nf3 d6 3. Bc4 Nc6 4. d4 cxd4 5. Nxd4 Nf6 6. Nc3 e6 7. Bg5 Be7 8. O-O O-O 9. f4 e5 10. Nf5 Bxf5 11. exf5 Rc8 12. fxe5 Nxe5 13. Bb3 a5 14. Qe1 Qb6+ 15. Kh1 h6 16. Bf4 Ned7 17. Be3 Nc5 18. Qg3 Qc6 19. Bxh6 Nh5 20. Qg4 g6 21. fxg6 1-0

[Event "Live Chess"]
[Site "Chess.com"]
[Date "2010.12.04"]
[Round "-"]
[White "trini_hammy"]
[Black "hipposcottimus"]
[Result "1-0"]
[CurrentPosition "B2R1k2/5p2/p6p/2p1Qp2/5B2/6P1/PP2PP1P/4K1NR b K -"]
[Timezone "UTC"]
[ECO "A22"]
[ECOUrl "https://www.chess.com/openings/English-Opening-Carls-Bremen-Reversed-Dragon-Variation"]
[UTCDate "2010.12.04"]
[UTCTime "01:17:31"]
[WhiteElo "1655"]
[BlackElo "1618"]
[TimeControl "60"]
[Termination "trini_hammy won by checkmate"]
[StartTime "01:17:31"]
[EndDate "2010.12.04"]
[EndTime "01:18:25"]
[Link "https://www.chess.com/game/live/73814869"]

1. c4 e5 2. Nc3 Nf6 3. g3 d5 4. Bg2 e4 5. cxd5 Bb4 6. Nxe4 Qxd5 7. Nxf6+ gxf6 8. Bxd5 Be6 9. Bxb7 Bxd2+ 10. Qxd2 Nc6 11. Bxc6+ Ke7 12. Bxa8 Bd5 13. Bxd5 Ra8 14. Bxa8 c5 15. Qd5 f5 16. Bf4 h6 17. Rd1 a6 18. Qe5+ Kf8 19. Rd8# 1-0

[Event "Live Chess"]
[Site "Chess.com"]
[Date "2010.12.04"]
[Round "-"]
[White "hipposcottimus"]
[Black "luzdelmundo5"]
[Result "1-0"]
[CurrentPosition "4kQ2/1b1q1p1p/p3N2B/1p1Pp3/4P3/1Pr5/P5PP/R4RK1 b - -"]
[Timezone "UTC"]
[ECO "B20"]
[ECOUrl "https://www.chess.com/openings/Sicilian-Defense"]
[UTCDate "2010.12.04"]
[UTCTime "01:12:49"]
[WhiteElo "1626"]
[BlackElo "1471"]
[TimeControl "60"]
[Termination "hipposcottimus won by checkmate"]
[StartTime "01:12:49"]
[EndDate "2010.12.04"]
[EndTime "01:14:32"]
[Link "https://www.chess.com/game/live/73813914"]

1. e4 c5 2. Bb5 a6 3. Be2 b5 4. d4 c4 5. b3 cxb3 6. cxb3 Bb7 7. Nc3 e6 8. Bf3 d6 9. Nge2 Qc7 10. O-O Nd7 11. d5 e5 12. Bg4 Be7 13. Bxd7+ Qxd7 14. f4 Nf6 15. fxe5 dxe5 16. Ng3 Bd6 17. Nf5 Rc8 18. Nxg7+ Kf8 19. Bh6 Ke7 20. Qf3 Rxc3 21. Qxf6+ Kf8 22. Ne6+ Ke8 23. Qxh8+ Bf8 24. Qxf8# 1-0

[Event "Live Chess"]
[Site "Chess.com"]
[Date "2010.12.04"]
[Round "-"]
[White "luzdelmundo5"]
[Black "hipposcottimus"]
[Result "0-1"]
[CurrentPosition "1k1r2r1/pp3p1p/8/3p4/8/P1P2P2/1P4q1/3R2K1 w - -"]
[Timezone "UTC"]
[ECO "B00"]
[ECOUrl "https://www.chess.com/openings/Nimzowitsch-Defense-Kennedy-Variation"]
[UTCDate "2010.12.04"]
[UTCTime "01:11:03"]
[WhiteElo "1476"]
[BlackElo "1621"]
[TimeControl "60"]
[Termination "hipposcottimus won by checkmate"]
[StartTime "01:11:03"]
[EndDate "2010.12.04"]
[EndTime "01:12:32"]
[Link "https://www.chess.com/game/live/73813529"]

1. e4 e5 2. d4 Nc6 3. d5 Nce7 4. Be3 d6 5. Bd3 c6 6. Nf3 cxd5 7. exd5 Nxd5 8. Nc3 Qa5 9. Bd2 Nxc3 10. Bxc3 Qc7 11. Bb5+ Bd7 12. Qd5 Bxb5 13. Qxb5+ Qd7 14. Qc4 Nf6 15. Qd3 O-O-O 16. O-O Kb8 17. a3 e4 18. Qe3 exf3 19. Qxf3 d5 20. Bxf6 gxf6 21. Qxf6 Rg8 22. c3 Be7 23. Rab1 Bxf6 24. Rbd1 Qg4 25. g3 Be5 26. f3 Qh3 27. Rf2 Bxg3 28. hxg3 Qxg3+ 29. Rg2 Qxg2# 0-1

[Event "Live Chess"]
[Site "Chess.com"]
[Date "2010.12.04"]
[Round "-"]
[White "hipposcottimus"]
[Black "fresh-bm"]
[Result "1-0"]
[CurrentPosition "1kr5/ppp4p/5p1B/8/2b1P1Q1/8/PP3RPP/6K1 b - -"]
[Timezone "UTC"]
[ECO "A06"]
[ECOUrl "https://www.chess.com/openings/Reti-Opening-Tennison-Gambit"]
[UTCDate "2010.12.04"]
[UTCTime "01:08:43"]
[WhiteElo "1616"]
[BlackElo "1434"]
[TimeControl "60"]
[Termination "hipposcottimus won on time"]
[StartTime "01:08:43"]
[EndDate "2010.12.04"]
[EndTime "01:10:32"]
[Link "https://www.chess.com/game/live/73813024"]

1. e4 d5 2. Nf3 dxe4 3. Ng5 Nc6 4. Nxe4 e5 5. d3 f5 6. Bg5 Nf6 7. Nxf6+ gxf6 8. Bd2 e4 9. f3 Bg7 10. fxe4 fxe4 11. dxe4 Be6 12. Bd3 Qd7 13. O-O O-O-O 14. c4 Ne5 15. Be2 Nd3 16. Bxd3 Qxd3 17. Nc3 Bxc4 18. Rf2 Bh6 19. Qg4+ Kb8 20. Bxh6 Qd6 21. Rd1 Qxd1+ 22. Nxd1 Rxd1+ 23. Qxd1 Rc8 24. Qg4 1-0

[Event "Live Chess"]
[Site "Chess.com"]
[Date "2010.12.04"]
[Round "-"]
[White "hipposcottimus"]
[Black "alhatz1"]
[Result "0-1"]
[CurrentPosition "r1bqk2r/p4ppp/2p1p3/4P1b1/2P1N3/2np1N2/P4PPP/R2Q1RK1 w kq -"]
[Timezone "UTC"]
[ECO "B20"]
[ECOUrl "https://www.chess.com/openings/Sicilian-Defense"]
[UTCDate "2010.12.04"]
[UTCTime "01:05:12"]
[WhiteElo "1612"]
[BlackElo "1707"]
[TimeControl "60"]
[Termination "alhatz1 won by resignation"]
[StartTime "01:05:12"]
[EndDate "2010.12.04"]
[EndTime "01:06:06"]
[Link "https://www.chess.com/game/live/73812273"]

1. e4 c5 2. Bb5 Nc6 3. Bxc6 bxc6 4. Nf3 e6 5. c4 Nf6 6. Nc3 d5 7. d3 dxc4 8. O-O cxd3 9. e5 Nd5 10. Ne4 c4 11. Bg5 Be7 12. b3 Bxg5 13. bxc4 Nc3 0-1

[Event "Live Chess"]
[Site "Chess.com"]
[Date "2010.12.04"]
[Round "-"]
[White "hipposcottimus"]
[Black "9tony9"]
[Result "1-0"]
[CurrentPosition "rn2Q3/p1p3pp/1p1p1pkq/3P2b1/4P3/2N3B1/PPP3PP/R3NRK1 b - -"]
[Timezone "UTC"]
[ECO "B00"]
[ECOUrl "https://www.chess.com/openings/Owens-Defense-Guatemala-Defense"]
[UTCDate "2010.12.04"]
[UTCTime "01:03:03"]
[WhiteElo "1618"]
[BlackElo "1449"]
[TimeControl "60"]
[Termination "hipposcottimus won by checkmate"]
[StartTime "01:03:03"]
[EndDate "2010.12.04"]
[EndTime "01:03:55"]
[Link "https://www.chess.com/game/live/73811868"]

1. e4 b6 2. d4 Ba6 3. d5 Bxf1 4. Kxf1 d6 5. f4 e5 6. Nf3 exf4 7. Kf2 Qf6 8. Rf1 Be7 9. Kg1 Nh6 10. Nc3 Ng4 11. Ne1 Qg6 12. Bxf4 Bg5 13. Bg3 Qh6 14. Qxg4 f6 15. Qc8+ Kf7 16. Qxh8 Kg6 17. Qe8# 1-0

[Event "Live Chess"]
[Site "Chess.com"]
[Date "2010.12.04"]
[Round "-"]
[White "hipposcottimus"]
[Black "PaperTiger"]
[Result "0-1"]
[CurrentPosition "r4rk1/p4ppn/1qp4p/1p4b1/4P3/2N2n2/PPP1B1PP/R4R1K w - -"]
[Timezone "UTC"]
[ECO "C41"]
[ECOUrl "https://www.chess.com/openings/Philidor-Defense-3.d4"]
[UTCDate "2010.12.04"]
[UTCTime "01:01:53"]
[WhiteElo "1613"]
[BlackElo "1660"]
[TimeControl "60"]
[Termination "PaperTiger won by resignation"]
[StartTime "01:01:53"]
[EndDate "2010.12.04"]
[EndTime "01:02:55"]
[Link "https://www.chess.com/game/live/73811571"]

1. e4 e5 2. Nf3 d6 3. d4 Be7 4. dxe5 Bg4 5. Qd3 Bxf3 6. Qxf3 dxe5 7. Bc4 Nf6 8. Nc3 c6 9. O-O Nbd7 10. Bg5 O-O 11. Bh4 b5 12. Bd3 h6 13. Qe3 Nh7 14. f4 Bxh4 15. fxe5 Nxe5 16. Be2 Bg5 17. Qf3 Qb6+ 18. Kh1 Nxf3 0-1